 Dungeon Crawl Stone Soup version 0.19-a0-1875-g4fea3da (webtiles) character file.

6328 Amnesiac the Covert (level 11, -1/72 HPs)
             Began as a Halfling Assassin on Oct 13, 2016.
             Was a Believer of Trog.
             Killed from afar by a hornet (43 damage)
             ... with an exploding inner flame
             ... hexed by the player character
             ... on level 10 of the Dungeon.
             The game lasted 00:20:36 (8785 turns).

Amnesiac the Covert (Halfling Assassin)             Turns: 8785, Time: 00:20:36

Health: -1/72      AC:  8    Str: 14    XL:     11   Next: 16%
Magic:  11/11      EV: 16    Int:  9    God:    Trog [**....]
Gold:   34         SH:  0    Dex: 20    Spells: 0 memorised, 10 levels left

rFire  . . .     SeeInvis .     w - +3 dagger (elec)
rCold  + + .     Gourm    .     J - +0 scale mail {rC+}
rNeg   . . .     Faith    .     (shield restricted)
rPois  .         Spirit   .     (no helmet)
rElec  +         Dismiss  .     d - +1 cloak
rCorr  .         Reflect  .     (no gloves)
MR     .....     Harm     .     (no boots)
Stlth  +++.......               t - amulet of rage
                                P - ring "Sayjousch" {rElec rC+ Str+2 Slay+3}
                                q - +4 ring of slaying

@: slowed, very slow
A: mutation resistance 1
a: Berserk, Trog's Hand, Burn Spellbooks, Renounce Religion, Evoke Berserk Rage


You were on level 10 of the Dungeon.
You worshipped Trog.
Trog was pleased with you.
You were not hungry.

You visited 2 branches of the dungeon, and saw 11 of its levels.
You also visited: Ossuary.

You collected 735 gold pieces.
You spent 701 gold pieces at shops.

Inventory:

Hand Weapons
 e - a +0 blowgun
 w - a +3 dagger of electrocution (weapon)
Missiles
 b - 33 poisoned needles
 f - 8 curare-tipped needles
Armour
 d - a +1 cloak (worn)
 J - a +0 scale mail of cold resistance (worn)
 V - the +1 robe of the Will of the Gods {rElec rF+ Dex-2 Stlth+}
   (You found it on level 8 of the Dungeon)

   It affects your dexterity (-2).
   It protects you from fire.
   It insulates you from electricity.
   It makes you more stealthy.
Jewellery
 q - a +4 ring of slaying (left hand)
 t - an amulet of rage (around neck)
 B - an uncursed ring of fire
 P - the ring "Sayjousch" (right hand) {rElec rC+ Str+2 Slay+3}
   (You bought it in a shop on level 4 of the Dungeon)

   [ring of protection from cold]

   It affects your strength (+2).
   It affects your accuracy and damage with ranged weapons and melee attacks
   (+3).
   It protects you from cold.
   It insulates you from electricity.
 X - an uncursed ring of ice
Wands
 s - a wand of paralysis (18/24)
 v - a wand of confusion (38/48)
 A - a wand of random effects (22/48)
 E - a wand of polymorph (13/24)
Scrolls
 k - 2 scrolls of enchant weapon
 y - 2 scrolls of magic mapping
 G - a scroll of recharging
 H - 4 scrolls of remove curse
 I - 5 scrolls of identify
 K - 4 scrolls of teleportation
 Q - a scroll of immolation
 U - a scroll of blinking
Potions
 a - 4 potions of invisibility
 c - 3 potions of curing
 i - 2 potions of berserk rage
 l - 4 potions of brilliance
 m - 5 potions of heal wounds {unknown}
 n - 2 potions of resistance
 o - 4 potions of might {unknown}
 z - 3 potions of mutation {unknown}
 F - a potion of agility {unknown}
 L - a potion of flight {unknown}
 M - 2 potions of cure mutation
 S - 2 potions of cancellation {unknown}
 W - a potion of magic {unknown}
 Y - a potion of ambrosia {unknown}
Books
 r - a book of Misfortune

   Spells                             Type                      Level
   a - Confusing Touch                Hexes                        1
   b - Confuse                        Hexes                        3
   c - Gell's Gravitas                Hexes/Translocation          3
   d - Petrify                        Transmutation/Earth          4
   e - Metabolic Englaciation         Hexes/Ice                    5
   f - Yara's Violent Unravelling     Hexes/Transmutation          5
   Trog disapproves of the use of such an item.
 u - a book of Minor Magic

   Spells                             Type                      Level
   a - Magic Dart                     Conjuration                  1
   b - Blink                          Translocation                2
   c - Call Imp                       Summoning                    2
   d - Repel Missiles                 Charms/Air                   2
   e - Slow                           Hexes                        2
   f - Conjure Flame                  Conjuration/Fire             3
   g - Mephitic Cloud                 Conjuration/Poison/Air       3
   Trog disapproves of the use of such an item.
 O - a book of Flames

   Spells                             Type                      Level
   a - Flame Tongue                   Conjuration/Fire             1
   b - Throw Flame                    Conjuration/Fire             2
   c - Conjure Flame                  Conjuration/Fire             3
   d - Inner Flame                    Hexes/Fire                   3
   e - Sticky Flame                   Conjuration/Fire             4
   f - Fireball                       Conjuration/Fire             5
   Trog disapproves of the use of such an item.
Comestibles
 g - 11 bread rations
 j - 2 beef jerkies
 p - 3 meat rations
 C - 2 royal jellies
 Z - 6 chunks of flesh


   Skills:
 - Level 5.7 Fighting
 - Level 10.2 Short Blades
 - Level 8.0 Throwing
 - Level 6.7 Dodging
 + Level 10.3 Stealth


You had 10 spell levels left.
You didn't know any spells.

Dungeon Overview and Level Annotations

Branches:
Dungeon (10/15)            Temple (1/1) D:7
   Lair: D:8-11         Orc: D:9-12

Altars:
Ashenzari
Cheibriados
Dithmenos
Elyvilon
Fedhas
Gozag
Hepliaklqana
Kikubaaqudgha
Makhleb
Nemelex Xobeh
Okawaru
Qazlal
Ru
Sif Muna
Trog
Uskayaw
Vehumet
Xom
Yredelemnul
Zin
The Shining One

Shops:
D:4 %(=?   D:8 *   D:10 *


Innate Abilities, Weirdness & Mutations

You are small and have problems with some larger weapons.
You are somewhat resistant to further mutation.


Message History

The hornet is heavily wounded.
The hornet misses you.
You hit the hornet but do no damage.
The hornet is heavily wounded.
You puncture the hornet!
The hornet is severely wounded.
The hornet barely misses you.
You hit the hornet.
The hornet is almost dead.
The hornet stings you!
You suddenly lose the ability to move!
The hornet stings you but does no damage.
The hornet stings you!
You feel yourself slow down. The hornet stings you!
You shrug off the repeated paralysis!
You can move again.
Unknown command.
You puncture the hornet!
The hornet explodes!
The fiery explosion engulfs you!
Ouch! That really hurt!
You die...

...........# *,*
...#**#)##.# *,* ..#*
#)##.# *,* .######[##.#
*,* .....##.##.# *,*
####.##.##.# *,*
......).##∩# *,#
####.#####.###########.#
#.#...#.##...@§§....#
#..###..##.#######..#
#.## ##†##.######*..#***
#.# #...............,*
#.#* ##..#.#######..##.*
#(.###)#)#.# *..#*,#
#.#†(†##.#.# *yl#*,*
#.#...##.#.# *..#*,*
#....)##.#>####***,,*,,*


There were no monsters in sight!

Vanquished Creatures
  Fannar (D:10)
  Pikel (D:8)
  The ghost of BattleRest the Shield-Bearer, an amateur MiFi (D:4)
  Prince Ribbit (D:9)
  Grinder (D:4)
  3 hippogriffs
  Sigmund (D:6)
  A spriggan (D:7)
  A wraith (D:10)
  Eustachio (D:6)
  A hungry ghost (D:10)
  Edmund (D:6)
  A water moccasin (D:10)
  4 slaves (D:8)
  3 ice beasts
  A black bear (D:7)
  A hornet zombie (D:9)
  4 ogres
  3 centaurs
  Blork the orc (D:4)
  5 bullfrogs
  A scorpion (D:5)
  A water moccasin skeleton (D:7)
  4 killer bees (D:10)
  2 howler monkeys
  6 wights
  3 crimson imps
  Crazy Yiuf (D:3)
  3 hounds
  2 orc priests
  3 orc wizards
  Jessica (D:3)
  2 iguanas
  7 worker ants
  Natasha (twice) (D:4)
  8 mummies (Ossuary)
  A hound skeleton (D:7)
  4 gnolls (D:7)
  A howler monkey skeleton (D:4)
  15 adders
  A shadow imp (D:8)
  An ooze (D:4)
  2 adder skeletons
  2 worms (D:2)
  3 dart slugs
  2 leopard geckos
  20 orcs
  2 ball pythons (D:1)
  7 giant cockroaches
  2 gnoll zombies (D:2)
  3 hobgoblins
  A quokka (D:7)
  11 bats
  6 frilled lizards
  5 goblins
  5 hobgoblin zombies (Ossuary)
  9 kobolds
  3 kobold zombies (Ossuary)
  A quokka skeleton (D:5)
  4 rats
194 creatures vanquished.

Notes
Turn   | Place    | Note
-------+----------+-------------------------------------------
     0 | D:1      | Amnesiac the Halfling Assassin began the quest for the Orb.
     0 | D:1      | Reached XP level 1. HP: 14/14 MP: 1/1
    48 | D:2      | Reached XP level 2. HP: 19/19 MP: 2/2
   330 | D:2      | Reached XP level 3. HP: 14/24 MP: 3/3
   653 | D:3      | Noticed Jessica
   656 | D:3      | Reached XP level 4. HP: 17/29 MP: 4/4
   662 | D:3      | Killed Jessica
   867 | D:3      | Reached XP level 5. HP: 21/34 MP: 5/5
  1045 | D:4      | Reached skill level 5 in Short Blades
  1324 | D:4      | Found Huhanwih's Antique Weapon Shoppe.
  1328 | D:4      | Noticed Natasha
  1341 | D:4      | Killed Natasha
  1375 | D:4      | Found Qityb's Jewellery Shoppe.
  1376 | D:4      | Found Aleps's Magic Scroll Shoppe.
  1414 | D:4      | Found Kaoskil's Food Shop.
  1414 | D:4      | Noticed an ogre
  1429 | D:4      | Killed an ogre
  1429 | D:4      | Reached XP level 6. HP: 39/39 MP: 6/6
  1508 | D:4      | Noticed Grinder
  1517 | D:4      | Paralysed by Grinder for 4 turns
  1543 | D:4      | Paralysed by Grinder for 5 turns
  1550 | D:4      | Killed Grinder
  1550 | D:4      | Reached XP level 7. HP: 33/44 MP: 7/7
  1656 | D:4      | Noticed Blork the orc
  1672 | D:4      | Killed Blork the orc
  1693 | D:4      | Noticed BattleRest's ghost (amateur MiFi)
  1707 | D:4      | Killed BattleRest's ghost
  1707 | D:4      | Reached XP level 8. HP: 15/49 MP: 8/8
  1738 | D:4      | Reached skill level 10 in Short Blades
  1982 | D:4      | Reached skill level 5 in Stealth
  2257 | D:4      | Noticed Natasha
  2264 | D:4      | Killed Natasha
  2288 | D:5      | Entered Level 5 of the Dungeon
  3067 | D:6      | Reached skill level 5 in Throwing
  3104 | D:6      | Noticed Eustachio
  3139 | D:6      | Killed Eustachio
  3139 | D:6      | Reached XP level 9. HP: 47/54 MP: 9/9
  3272 | D:6      | Noticed Edmund
  3282 | D:6      | Killed Edmund
  3511 | D:6      | Noticed Sigmund
  3514 | D:6      | Killed Sigmund
  4147 | D:7      | Found a staircase to the Ecumenical Temple.
  4156 | Temple   | Entered the Ecumenical Temple
  4189 | Temple   | Became a worshipper of Trog the Wrathful
  4299 | D:7      | Found a sand-covered staircase.
  4303 | Ossuary  | Entered an ossuary
  5194 | D:7      | Reached XP level 10. HP: 63/63 MP: 10/10
  5252 | D:7      | Reached skill level 5 in Dodging
  5967 | D:1      | Reached * piety under Trog
  6403 | D:2      | Found a basalt altar of Yredelemnul.
  6624 | D:2      | Found a shattered altar of Ashenzari.
  6846 | D:3      | Found a runed door.
  6946 | D:3      | Noticed Crazy Yiuf
  6952 | D:3      | Killed Crazy Yiuf
  6994 | D:4      | Bought the ring "Sayjousch" {rElec rC+ Str+2 Slay+3} for 613 gold pieces
  7098 | D:8      | Reached skill level 5 in Fighting
  7132 | D:8      | Found a shadowy altar of Dithmenos.
  7135 | D:8      | Found a hide-covered altar of Uskayaw.
  7135 | D:8      | Found a radiant altar of Vehumet.
  7135 | D:8      | Found a sparkling altar of Nemelex Xobeh.
  7137 | D:8      | Found an iron altar of Okawaru.
  7137 | D:8      | Found a shattered altar of Ashenzari.
  7138 | D:8      | Found a sacrificial altar of Ru.
  7185 | D:8      | Noticed Pikel
  7185 | D:8      | Got a tattered robe
  7204 | D:8      | Killed Pikel
  7353 | D:8      | Identified the cursed +1 robe of the Will of the Gods {rElec rF+ Dex-2 Stlth+} (You found it on level 8 of the Dungeon)
  7376 | D:8      | Found an opulent altar of Gozag.
  7377 | D:8      | Found Gozag's Platinum Reserve.
  7797 | D:9      | Noticed Prince Ribbit
  7811 | D:9      | Reached ** piety under Trog
  7819 | D:9      | Killed Prince Ribbit
  8013 | D:10     | Entered Level 10 of the Dungeon
  8643 | D:10     | Found Sehos's Assorted Antiques.
  8651 | D:10     | Reached XP level 11. HP: 72/72 MP: 11/11
  8669 | D:10     | Noticed Fannar
  8675 | D:10     | Killed Fannar
  8675 | D:10     | Reached skill level 10 in Stealth
  8700 | D:10     | Bought a scroll labeled GOPYEC MIWO for 22 gold pieces
  8700 | D:10     | Bought a scroll labeled ENOROX DURY for 22 gold pieces
  8700 | D:10     | Bought a scroll labeled YGOSKA MEUP for 22 gold pieces
  8700 | D:10     | Bought a scroll labeled FUXTIS KAGOA for 22 gold pieces
  8782 | D:10     | Paralysed by a hornet for 2 turns
  8785 | D:10     | Killed from afar by a hornet

Vault maps used:
D:1:      minmay_arrival_arboretum_small
D:2:      lemuel_upstairs_altar, lemuel_zombie_altar_yredelemnul, first_bread,
          kennysheep_cluttered_room
D:3:      uniq_jessica, uniq_crazy_yiuf_cottage
D:4:      serial_shops, nicolae_shop_overgrown_old_shop, shop, shop, shop,
          kennysheep_generic_room_9, uniq_grinder, uniq_blork_the_orc,
          uniq_natasha
D:6:      corexii_corridor_pit, uniq_edmund, uniq_eustachio, uniq_sigmund
D:7:      nicolae_ossuary_entry_false_entrances, the_bakery, minmay_small_thing
D:8:      grunt_temple_overflow_open, nicolae_gozag_zags_fifth_avenue,
          minmay_misc_feat_roman, uniq_pikel
D:9:      uniq_prince_ribbit1
D:10:     serial_shops, shop, kennysheep_small_square, uniq_fannar
Temple:   minmay_temple_bridge_abc
Ossuary:  ossuary_tomb_3

Skill      XL: |  1  2  3  4  5  6  7  8  9 10 11 |
---------------+----------------------------------+-----
Short Blades   | 3 4 6 8 9 10 | 10.2
Stealth        | 5 8 10 | 10.3
Throwing       | 6 8 |  8.0
Fighting       | 3 5 |  5.7
Dodging        | 4 6 |  6.7

Action                   |  1- 3 |  4- 6 |  7- 9 | 10-12 || total
-------------------------+-------+-------+-------+-------++-------
Melee: Dagger            |    43 |    53 |   271 |   254 ||   621
 Fire: Blowgun           |    12 |     8 |     9 |       ||    29
  Use: Potion            |       |     4 |       |       ||     4
       Scroll            |       |       |     7 |    17 ||    24
 Stab: Sleeping          |     5 |     3 |     3 |    10 ||    21
       Distracted        |       |       |     1 |     2 ||     3
  Eat: Chunk             |       |     2 |    12 |    11 ||    25
Armor: Robe              |     5 |     2 |       |     4 ||    11
       Chain mail        |       |     7 |    39 |       ||    46
       Scale mail        |       |       |     6 |    35 ||    41
Dodge: Dodged            |    28 |    13 |    56 |   114 ||   211
